 Dungeon Crawl Stone Soup version 0.28.0-43-g3370ac3207 (webtiles) character file.

Game seed: 4501758906445456852

4 cbfl8 the Conjurer (level 1, 0/10 HPs)
             Began as a Deep Elf Conjurer on Mar 11, 2022.
             Slain by a kobold
             ... wielding a +0 club
              (2 damage)
             ... on level 1 of the Dungeon.
             The game lasted 00:00:49 (920 turns).

cbfl8 the Conjurer (Deep Elf Conjurer)               Turns: 920, Time: 00:00:49

Health: 0/10       AC:  3    Str:  4    XL:     1   Next: 50%
Magic:  6/6        EV: 12    Int: 22    God:
Gold:   11         SH:  0    Dex: 13    Spells: 5/6 levels left

rFire   . . .      SeeInvis .   (no weapon)
rCold   . . .      Faith    .   (no shield)
rNeg    . . .      Spirit   .   a - +0 robe
rPois   .          Reflect  .   (no helmet)
rElec   .          Harm     .   (no cloak)
rCorr   .          Rampage  .   (no gloves)
Will    .....                   c - +0 pair of boots
Stlth   ++........              (no amulet)
HPRegen 0.03/turn               (no ring)
MPRegen 0.10/turn               (no ring)

@: no status effects
A: no striking features
a: no special abilities


You were on level 1 of the Dungeon.
You visited 1 branch of the dungeon, and saw 1 of its levels.

You collected 11 gold pieces.

Inventory:

Armour
 a - a +0 robe (worn)
 c - a +0 pair of boots (worn)
Potions
 b - a potion of curing {unknown}


   Skills:
 + Level 2.5 Dodging
 + Level 2.6 Stealth
 + Level 3.0 Spellcasting
 + Level 4.5 Conjurations


You had 5 spell levels left.
You knew the following spells:

 Your Spells              Type           Power      Damage    Failure   Level
a - Magic Dart            Conj           92%        1d7       1%          1

Your spell library contained the following spells:

 Spells                   Type           Power      Damage    Failure   Level
 Searing Ray              Conj           46%        2d6       3%          2
 Dazzling Flash           Conj/Hex       26%        N/A       14%         3
 Fulminant Prism          Conj/Hex       6%         3d7       43%         4
 Iskenderun's Mystic Bla  Conj/Tloc      13%        2d5       43%         4


Dungeon Overview and Level Annotations

Branches:
Dungeon (1/15)

Altars:


Message History

The kobold shouts!
You hear a shout!
There is an open door here.
The kobold hits you with a +0 club.
A kobold comes into view. It is wielding a +2 dagger of freezing.
You miss the kobold. The kobold hits you with a +0 club.
You closely miss the kobold. The kobold closely misses you.
You hit the kobold but do no damage. The kobold misses you.
You hit the kobold.
The kobold is moderately wounded.
The kobold completely misses you.
You barely miss the kobold.
The kobold is moderately wounded.
The kobold closely misses you.
You closely miss the kobold.
The kobold is moderately wounded.
The kobold throws a stone.
The stone misses you. The kobold barely misses you.
You hit the kobold but do no damage.
The kobold is moderately wounded.
The kobold hits you but does no damage.
A hobgoblin comes into view.
You closely miss the kobold.
The kobold is moderately wounded.
The kobold closely misses you.
There is an open door here.
The hobgoblin shouts!
You hit the kobold.
The kobold is severely wounded.
The kobold closely misses you. The kobold hits you but does no damage.
You hit the kobold but do no damage.
The kobold is severely wounded.
The kobold barely misses you. The kobold hits you but does no damage.
You hit the kobold but do no damage. You punch the kobold.
You kill the kobold!
The kobold hits you with a +0 club.
* * * LOW HITPOINT WARNING * * *
The kobold barely misses you.
Things that are here:
a +2 dagger of freezing; a stone; a kobold corpse The kobold hits you with a +0 club.
You die...

##.......
#........
#........
#........
#........
#........
#........
#gK......
####@#######
#........###
#..........#
#........#.#
####+#####.#
#.# #.# #.#
#####.#


You could see a hobgoblin and a kobold.

Vanquished Creatures
  An endoplasm (D:1)
  A giant cockroach (D:1)
  A frilled lizard (D:1)
  A kobold (D:1)
4 creatures vanquished.

Notes
Turn   | Place    | Note
-------+----------+-------------------------------------------
     0 | D:1      | cbfl8 the Deep Elf Conjurer began the quest for the Orb.
     0 | D:1      | Reached XP level 1. HP: 10/10 MP: 6/6
     3 | D:1      | Noticed an electric eel
    15 | D:1      | Noticed an electric eel
   920 | D:1      | Slain by a kobold

Illustrated notes

Levels and vault maps discovered:
D:1:      arrival_aquarium_b, layout_basic,
          hellmonk_ecumenical_altar_heavens_door

Action                   || total
-------------------------++-------
Melee: Unarmed           ||    31
       Punch             ||     1
 Stab: Sleeping          ||     2
Armor: Robe              ||     8
Dodge: Dodged            ||    19
